Map: [ESL] Hard Lead

Players

Dark - Winner!

  • Race: Zerg Zerg
  • Spawn Location: 5:00

Cure

  • Race: Terran Terran
  • Spawn Location: 11:00

Event: ESL SC2 Masters 2023 Winter (Finals)

VOD

Have the link to the VOD?

Description

Time

  • Played on: Dec. 17, 2023, 2:58 p.m.
  • Length: 11:18

All games in this series

Show
View Real Time Build Order
Export as new Build Order

Dark Zerg - Winner!

Build Orders: Hatch First 

Get SALT Encoding   

  12  0:00  Drone  
  13  0:11  Overlord  
  13  0:16  Drone  
  14  0:30  Drone x2  
  16  0:47  Hatchery  
  15  0:50  Drone  
  15  0:53  Drone  
  15  0:56  Drone  
  18  1:00  Extractor  
  17  1:13  Spawning Pool  
  17  1:15  Drone  
  17  1:19  Drone  
  18  1:27  Drone  
  19  1:40  Drone  
  20  1:49  Drone  
  21  2:00  Queen x2, Metabolic Boost  
  25  2:03  Drone x2  
  27  2:13  Drone, Overlord  
  28  2:27  Hatchery  
  27  2:32  Zergling x4  
  27  2:33  Zergling x2  
  27  2:36  Zergling x2  
  31  2:42  Queen  
  33  2:47  Overlord  
  33  2:50  Zergling x2  
  34  2:53  Drone  
  34  2:54  Drone  
  36  3:10  Zergling x4  
  38  3:17  Zergling x4  
  38  3:18  Drone x4  
  44  3:26  Overlord  
  43  3:31  Overlord  
  43  3:35  Overlord  
  43  3:37  Overlord  
  43  3:40  Overlord  
  43  3:47  Drone x2  
  45  3:52  Drone  
  42  3:57  Drone, Queen  
  42  3:58  Drone  
  42  4:00  Roach Warren  
  42  4:01  Drone  
  42  4:02  Extractor  
  45  4:03  Drone x4  
  45  4:04  Drone  
  45  4:07  Drone  
  51  4:10  Drone x2  
  51  4:13  Drone  
  54  4:18  Extractor  
  54  4:22  Drone x2  
  54  4:23  Drone  
  56  4:30  Drone  
  57  4:34  Drone x2  
  57  4:35  Drone x5  
  57  4:36  Drone  
  65  4:46  Drone x2, Lair  
  65  4:47  Drone  
  65  4:48  Drone x2  
  65  4:51  Drone  
  71  4:56  Extractor  
  71  4:59  Drone  
  71  5:01  Drone x2  
  71  5:02  Drone  
  71  5:05  Evolution Chamber  
  71  5:06  Roach x4, Evolution Chamber  
  79  5:07  Roach  
  79  5:09  Roach  
  79  5:11  Roach  
  79  5:13  Roach  
  87  5:20  Roach  
  89  5:21  Overlord  
  89  5:22  Overlord x2  
  89  5:24  Overlord  
  89  5:28  Overlord  
  89  5:32  Extractor  
  89  5:33  Extractor  
  89  5:34  Overlord  
  87  5:39  Overlord  
  87  5:42  Zerg Missile Weapons Level 1, Drone x5, Zerg Ground Armor Level 1  
  92  5:44  Drone x2  
  92  5:46  Drone  
  95  5:55  Roach x5  
  105  5:58  Glial Reconstitution  
  105  5:59  Roach  
  105  6:01  Roach  
  109  6:07  Roach  
  109  6:09  Drone  
  109  6:10  Roach  
  114  6:17  Roach  
  114  6:18  Roach x3, Hatchery  
  121  6:21  Roach  
  121  6:22  Roach  
  121  6:23  Roach  
  127  6:26  Roach  
  127  6:28  Roach x2  
  127  6:31  Roach  
  127  6:32  Roach  
  137  6:36  Roach x2  
  141  6:40  Roach  
  141  6:43  Roach  
  141  6:46  Roach  
  146  6:48  Overlord x4  
  146  6:51  Overlord  
  146  6:57  Overlord  
  146  6:59  Overlord  
  146  7:07  Roach x6  
  158  7:09  Roach  
  158  7:12  Roach  
  158  7:13  Roach x2  
  158  7:15  Roach x2  
  169  7:16  Roach  
  171  7:25  Ravager x7  
  171  7:26  Ravager  
  179  7:31  Zergling x14  
  179  7:36  Roach  
  188  7:39  Roach x2  
  188  7:41  Roach x3  
  198  7:57  Roach  
  198  7:58  Roach x8  
  185  8:05  Drone x2, Zerg Missile Weapons Level 2  
  176  8:06  Drone x3  
  176  8:10  Drone x2  
  178  8:17  Zerg Ground Armor Level 2  
  149  8:21  Roach  
  149  8:22  Roach x4  
  149  8:24  Drone  
  156  8:27  Extractor  
  156  8:28  Extractor  
  156  8:30  Roach x4  
  156  8:33  Zergling x4  
  164  8:41  Zergling x4  
  164  8:47  Roach x3  
  172  8:52  Zergling x4  
  172  8:53  Zergling x4  
  172  8:54  Overseer  
  174  8:56  Overseer  
  174  8:59  Zergling x14  
  181  9:03  Ravager  
  181  9:04  Ravager  
  181  9:05  Ravager x2  
  181  9:06  Ravager x2  
  181  9:07  Ravager x2  
  181  9:09  Zergling x12  
  195  9:10  Overlord  
  195  9:16  Infestation Pit  
  194  9:22  Roach x3  
  194  9:23  Pneumatized Carapace  
  199  9:24  Roach  
  199  9:37  Overseer  
  199  9:43  Hatchery  
  198  9:53  Overseer  
  198  9:59  Roach x13  
  194  10:01  Roach x4  
  167  10:08  Roach x7  
  167  10:10  Roach x3  
  167  10:12  Roach  
  173  10:19  Roach  
  173  10:20  Roach x3  
  174  10:29  Roach x3  
  174  10:33  Drone  
  180  10:41  Overseer  
  180  10:47  Hatchery  
  180  10:48  Ravager x7  
  180  10:49  Ravager  
  187  10:56  Zergling x8  
Show
View Real Time Build Order
Export as new Build Order

Cure Terran 

Build Orders: Command Center First 

Get SALT Encoding   

  12  0:00  SCV  
  13  0:12  SCV  
  14  0:17  Supply Depot  
  14  0:24  SCV  
  15  0:38  SCV  
  16  0:50  SCV  
  17  0:57  Command Center  
  17  1:03  SCV  
  18  1:15  Barracks, SCV  
  19  1:19  Refinery  
  19  1:27  SCV  
  20  1:39  SCV  
  21  1:51  SCV  
  22  2:02  Barracks Reactor  
  22  2:03  Orbital Command  
  22  2:09  Orbital Command  
  22  2:17  Command Center  
  22  2:29  SCV  
  23  2:30  Barracks  
  23  2:34  SCV  
  24  2:38  Marine x2  
  24  2:41  SCV  
  27  2:47  SCV  
  27  2:48  Barracks  
  28  2:53  SCV  
  28  2:55  Supply Depot  
  28  2:56  Marine  
  28  2:57  Marine  
  31  3:02  SCV  
  32  3:05  SCV  
  33  3:14  Marine, SCV  
  33  3:15  Marine  
  33  3:17  Barracks Tech Lab, SCV  
  37  3:26  SCV  
  38  3:29  Orbital Command  
  38  3:30  SCV  
  38  3:33  Marine x2  
  41  3:37  Stimpack, Marine  
  41  3:38  Barracks Tech Lab  
  41  3:40  Supply Depot  
  42  3:43  SCV  
  42  3:45  SCV  
  44  3:51  Marine x2  
  44  3:55  SCV  
  44  3:57  SCV x2  
  44  3:58  Combat Shield  
  44  4:01  Marine  
  44  4:02  Marine  
  47  4:09  Marine x2  
  51  4:10  SCV x2  
  51  4:12  SCV  
  51  4:15  Supply Depot  
  53  4:20  Supply Depot  
  53  4:21  Refinery  
  53  4:22  Marine x2  
  55  4:25  SCV x2  
  55  4:26  Marine  
  55  4:27  SCV, Marine  
  55  4:30  Factory  
  60  4:37  Refinery  
  60  4:38  Supply Depot  
  60  4:40  Marine x2  
  60  4:43  SCV x3  
  60  4:44  Marine x2  
  67  4:50  Engineering Bay  
  67  4:53  Engineering Bay  
  67  4:56  SCV x3  
  67  4:59  Refinery  
  70  5:01  Marine x2  
  70  5:02  Marine x2  
  70  5:05  Supply Depot  
  74  5:08  Supply Depot  
  74  5:12  SCV x3  
  77  5:17  Supply Depot  
  77  5:18  Terran Infantry Weapons Level 1  
  77  5:23  Marine x3, Starport  
  77  5:27  Terran Infantry Armor Level 1  
  80  5:28  Factory Reactor  
  80  5:35  SCV x2  
  82  5:36  Barracks  
  82  5:39  Orbital Command, Barracks  
  82  5:42  Marine  
  83  5:43  Barracks Reactor, Marine  
  83  5:44  Marine  
  83  5:47  SCV x2  
  87  5:51  Supply Depot  
  87  5:52  Supply Depot  
  87  5:59  SCV x2  
  89  6:04  Supply Depot  
  89  6:06  Marine x3  
  89  6:07  SCV  
  89  6:11  SCV x2, Medivac x2  
  99  6:18  Supply Depot  
  99  6:20  SCV  
  99  6:21  Siege Tank  
  99  6:22  Marine x2  
  99  6:23  SCV x2  
  107  6:27  Barracks Reactor  
  107  6:28  Barracks Reactor, Marine x3  
  107  6:32  SCV, Refinery  
  111  6:35  Armory  
  111  6:38  SCV x2  
  112  6:40  Marine x2  
  112  6:42  Medivac x2  
  112  6:44  SCV  
  112  6:46  Refinery  
  119  6:48  Marine x2  
  119  6:49  Marine  
  119  6:53  SCV x2  
  124  6:56  SCV  
  124  6:57  Marine  
  124  6:58  Marine  
  124  7:00  Siege Tank  
  130  7:01  Factory  
  130  7:05  Supply Depot  
  130  7:06  Supply Depot  
  130  7:14  Command Center  
  129  7:17  Marine x6  
  129  7:18  Medivac x2  
  138  7:29  Marine x3  
  141  7:31  Terran Infantry Weapons Level 2  
  141  7:35  Marine x3  
  144  7:38  Supply Depot  
  144  7:39  Supply Depot x2  
  144  7:43  Marine x2  
  144  7:44  Marine  
  147  7:47  Marine x3  
  148  7:51  Missile Turret  
  148  7:53  Marine x3  
  127  8:01  Marine x3  
  127  8:05  Marine x3  
  129  8:06  Siege Tank  
  129  8:10  Medivac x2  
  129  8:11  Marine x3  
  137  8:19  Marine x3  
  119  8:22  Marine  
  119  8:23  Marine x2  
  103  8:27  Orbital Command  
  103  8:29  Marine x3  
  103  8:30  Factory Tech Lab  
  105  8:37  Marine x3  
  105  8:39  Siege Tank  
  105  8:40  Marine x3  
  113  8:47  Marine x3  
  116  8:55  Marine x3  
  116  8:58  Marine x3  
  120  9:14  Factory Tech Lab  
  120  9:15  Orbital Command  
  120  9:18  Orbital Command  
  117  9:26  Siege Tank, Marine x6  
  117  9:29  Engineering Bay  
  117  9:30  Marine x3  
  129  9:43  Siege Tank  
  129  9:44  Marine x5  
  137  9:56  Marine x4  
  130  10:02  Marine x2  
  99  10:11  Marine x2  
  88  10:26  Siege Tank  
  77  10:39  Marine x3  
  72  10:54  Marine x4  
  72  10:56  Marine  
  72  10:57  Marine  
Tags
 
Add a new tag
Caveats
  • Supply blocks, unpowered buildings, or Contaminate may cause inaccurate times.
  • Supply counts are checked every 10 seconds.